 Dungeon Crawl Stone Soup version 0.26.1-10-gdfb7c7de75 (webtiles) character file.

Game seed: 12400979292147807541

164 infcreate the Covered (level 5, 33/33 HPs)
             Began as a Gargoyle Fighter on Apr 1, 2021.
             Quit the game on level 3 of the Dungeon.
             The game lasted 00:08:58 (1716 turns).

infcreate the Covered (Gargoyle Fighter)            Turns: 1716, Time: 00:08:59

Health: 33/33      AC: 12    Str: 20    XL:     5   Next: 45%
Magic:  5/5        EV:  7    Int:  9    God:
Gold:   93         SH:  9    Dex:  9    Spells: 4/4 levels left

rFire    . . .     SeeInvis .   a - +0 flail
rCold    . . .     Faith    .   c - +0 kite shield
rNeg     + . .     Spirit   .   b - +0 scale mail
rPois    ∞         Reflect  .   (no helmet)
rElec    +         Harm     .   (no cloak)
rCorr    .         Rampage  .   (no gloves)
Will     .....                  l - +0 pair of boots
Stlth    ..........             (no amulet)
HPRegen  0.11/turn              (no ring)
MPRegen  0.09/turn              (no ring)

@: no status effects
A: negative energy resistance 1, electricity resistance, unbreathing,
petrification resistance, miasma immunity, AC +4
a: no special abilities


You were on level 3 of the Dungeon.
You visited 1 branch of the dungeon, and saw 3 of its levels.

You collected 93 gold pieces.

Inventory:

Hand Weapons
 a - a +0 flail (weapon)
Armour
 b - a +0 scale mail (worn)
 c - a +0 kite shield (worn)
 l - a +0 pair of boots (worn)
Scrolls
 e - a scroll of amnesia {unknown}
 f - 4 scrolls of teleportation
 g - 3 scrolls of identify {unknown}
 h - a scroll of blinking {unknown}
 j - a scroll of magic mapping {unknown}
 k - a scroll of remove curse {unknown}
Potions
 d - 2 potions of might
 i - a potion of curing {unknown}


   Skills:
 + Level 4.1 Fighting
 * Level 3.7 Maces & Flails
 + Level 4.1 Armour
 + Level 4.1 Shields


You had 4 spell levels left.
You didn't know any spells.
Your spell library contained the following spells:

 Spells                   Type           Power        Failure   Level
 Summon Small Mammal      Summ           0%           99%         1
 Call Imp                 Summ           0%           100%        2
 Call Canine Familiar     Summ           0%           100%        3
 Summon Guardian Golem    Hex/Summ       0%           100%        3
 Summon Ice Beast         Ice/Summ       0%           100%        4
 Summon Lightning Spire   Summ/Air       0%           100%        4


Dungeon Overview and Level Annotations

Branches:
Dungeon (3/15)

Altars:
Gozag
Ru


Innate Abilities, Weirdness & Mutations

You are resistant to torment.
Your stone body is resilient. (AC +4)
You are immune to poison.
You resist negative energy. (rN+)
You are resistant to electric shocks. (rElec)
You can survive without breathing.
You are immune to petrification.
You are immune to miasma.


Message History

The bat hits you but does no damage. You block the bat's attack.
You hit the bat.
The bat is moderately wounded.
You block the bat's attack.
You miss the bat. The bat hits you but does no damage.
You miss the bat. The bat closely misses you.
The bat hits you but does no damage. The bat closely misses you.
The bat hits you but does no damage. You block the bat's attack.
You barely miss the bat. The bat hits you but does no damage. x2
You closely miss the bat. The bat hits you but does no damage.
You hit the bat.
You kill the bat!
No target in view!
No target in view!
You pick up a book of Callings and begin reading...
You add the spells Summon Small Mammal, Call Imp, Call Canine Familiar, Summon Guardian Golem, Summon Lightning Spire and Summon Ice Beast to your library.
Search for what [? for help]? armor
Okay, then.
Are you sure you want to abandon this character and quit the game? (Confirm with "yes".)

# # ... ##. .## >.#
###.# #.###..#
#...###......#
#.#.....##...##.#
######.#@.....^..[..
$..........#..#..###
####....†........#
#.#.##........### #
#. ###.......... #.
#......#### ..
##<....... ..
##.#..### #.. #.#.##


There were no monsters in sight!

Vanquished Creatures
  Natasha (twice) (D:2)
  7 adders
  3 worms (D:2)
  A dart slug (D:1)
  A leopard gecko (D:1)
  5 giant cockroaches (D:2)
  3 goblins
  5 hobgoblins
  2 quokkas (D:2)
  2 bats
  3 frilled lizards (D:2)
  9 kobolds
  3 rats
46 creatures vanquished.

Notes
Turn   | Place    | Note
-------+----------+-------------------------------------------
     0 | D:1      | infcreate the Gargoyle Fighter began the quest for the Orb.
     0 | D:1      | Reached XP level 1. HP: 14/14 MP: 1/1
   230 | D:1      | Reached XP level 2. HP: 19/19 MP: 2/2
   935 | D:2      | Reached XP level 3. HP: 23/23 MP: 3/3
   992 | D:2      | Found a sacrificial altar of Ru.
  1203 | D:2      | Reached XP level 4. HP: 26/29 MP: 4/4
  1399 | D:2      | Found an opulent altar of Gozag.
  1470 | D:2      | Noticed Natasha
  1482 | D:2      | Killed Natasha
  1483 | D:2      | Reached XP level 5. HP: 27/33 MP: 5/5
  1604 | D:2      | Noticed Natasha
  1612 | D:2      | Killed Natasha
  1716 | D:3      | Quit the game

Illustrated notes

Levels and vault maps discovered:
D:1:      mushboom_english_gardens, layout_basic
D:2:      layout_rooms, lemuel_crystal_altar, grunt_gozag_breadcrumbs,
          uniq_natasha
D:3:      layout_loops_ring, hangedman_decor_peaks_small, uniq_robin,
          uniq_grinder

Skill      XL: |  1  2  3  4 |
---------------+-------------+-----
Maces & Flails | 3 |  3.7
Armour         | 4 |  4.1
Fighting       | 4 |  4.1
Shields        | 4 |  4.1

Action                   |  1- 3 |  4- 6 || total
-------------------------+-------+-------++-------
Melee: Flail             |   143 |    96 ||   239
  Use: Scroll            |     1 |       ||     1
Armor: Scale mail        |    64 |    46 ||   110
Dodge: Dodged            |    33 |    36 ||    69
Block: Kite shield       |    59 |    28 ||    87
